 Dungeon Crawl Stone Soup version 0.30-a0-358-g0d69a1922f (webtiles) character file.

Game seed: 1641127227511603829

18 mcwallace the Chiller (level 2, 0/18 HPs)
             Began as an Octopode Ice Elementalist on Nov 11, 2022.
             Succumbed to an adder's poison
             ... on level 2 of the Dungeon.
             The game lasted 00:01:27 (636 turns).

mcwallace the Chiller (Octopode Ice Elementalist)    Turns: 636, Time: 00:01:27

Health: 0/18       AC:  1    Str:  7    XL:     2   Next: 70%
Magic:  3/5        EV: 13    Int: 17    God:
Gold:   22         SH:  0    Dex: 12    Spells: 4/5 levels left

rFire   . . .      SeeInvis .    c - +0 rapier {short}
rCold   . . .      Faith    .    (no shield)
rNeg    . . .      Spirit   .    (helmet restricted)
rPois   .          Reflect  .    (no amulet)
rElec   .          Harm     .    (no ring)
rCorr   .          Rampage  .    (no ring)
Will    .....                    (no ring)
Stlth   +++.......               (no ring)
HPRegen 0.23/turn                (no ring)
MPRegen 0.09/turn                (no ring)
                                 (no ring)
                                 (no ring)

@: lethally poisoned (0 -> -10), flying
A: almost no armour, amphibious, 8 rings, camouflage 1, gelatinous body 1,
(nimble swimmer 1), tentacles
a: no special abilities


You were on level 2 of the Dungeon.
You visited 1 branch of the dungeon, and saw 2 of its levels.

You collected 22 gold pieces.


Innate Abilities, Weirdness & Mutations

You cannot wear most types of armour.
You are amphibious.
You can wear up to eight rings at the same time.
Your skin changes colour to match your surroundings (Stealth+).
Your rubbery body absorbs attacks. (AC +1, EV +1)
((You are camouflaged when in or above water. (Stealth+)))
You have tentacles for arms and can constrict up to eight enemies at once.


   Skills:
 + Level 0.9 Fighting
 + Level 2.3 Dodging
 - Level 2.6 Stealth
 + Level 2.2 Spellcasting
 + Level 4.1 Ice Magic


You had 4 spell levels left.
You knew the following spells:

 Your Spells              Type           Power      Damage    Failure   Level
a - Freeze                Ice            64%        1d7       3%          1

Your spell library contained the following spells:

 Spells                   Type           Power      Damage    Failure   Level
 Frozen Ramparts          Ice            32%        1d5       10%         3
 Ozocubu's Armour         Ice            16%        N/A       10%         3
 Beastly Appendage        Tmut           2%         N/A       19%         1
 Wereblood                Tmut           1%         N/A       28%         2
 Spider Form              Tmut/Pois      1%         N/A       50%         3
 Summon Ice Beast         Ice/Summ       9%         N/A       63%         4

Inventory:

Hand Weapons
 b - a +0 club {mace}
   (You took it off a goblin on level 1 of the Dungeon)
 c - a +0 rapier (weapon) {short}
   (You found it on level 1 of the Dungeon)
Missiles
 d - a stone {throwing}
Scrolls
 e - 2 scrolls of identify {unknown}
 g - a scroll of enchant weapon {unknown}
 h - a scroll of fog {unknown}
Potions
 a - a potion of magic

Dungeon Overview and Level Annotations

Branches:
Dungeon (2/15) Zot: 11362

Altars:

#### ### #....#
.. ...#.# ###
###.##.##.# #.#
#.......#.# #.#
#...S..##.####.##
#@.##.....<.#
#..##.####..#
#b..........#
#.###.......#
.......#######
#######(# #.# ###


You could see an adder and a bat.


Message History

You constrict the dart slug, but do no damage.
The dart slug misses you. 😕 HP[+1]
Aiming: Freeze (safe; 3% risk of failure)
Press: ? - help, Q - select action, (/) - cycle Shift-Dir - straight line, f - dart slug
Aim: a dart slug (heavily wounded, constricted by you)
You freeze the dart slug!
You kill the dart slug! 😕 MP[-1]
You lost 1 mp, and now have 4/5 mp.
h - a scroll labelled KEMAECR FESETZACH 😎 HP[+1] MP[+1]
Your hp is fully restored (18).
Your mp is fully restored (5).
A kobold comes into view. It is wielding a +0 short sword.
A kobold is nearby!
A kobold is nearby!
A kobold is nearby!
A kobold is nearby!
A ball python comes into view.
A hobgoblin comes into view.
The hobgoblin shouts!
The ball python hisses angrily.
You closely miss the ball python. You grab the ball python.
You squeeze the ball python.
You kill the ball python!
You hit the hobgoblin.
You kill the hobgoblin!
You closely miss the kobold. Your grab misses the kobold.
The kobold hits you with a +0 short sword. 😮 HP[-5]
You take 5 damage, and now have 13/18 hp.
MASSIVE DAMAGE!! (PAUSE)
Aiming: Freeze (safe; 3% risk of failure)
Press: ? - help, Q - select action, (/) - cycle Shift-Dir - straight line, f - kobold
Aim: a kobold, wielding a +0 short sword You freeze the kobold.
You kill the kobold! 😕 HP[+1] MP[-1]
You lost 1 mp, and now have 4/5 mp.
Aiming: Freeze (safe; 3% risk of failure)
Press: ? - help, Q - select action, (/) - cycle Shift-Dir - straight line, f - you That would be overly suicidal.
Okay, then.
Done exploring. 😎 HP[+4] MP[+1]
Your hp is fully restored (18).
Your mp is fully restored (5).
Done exploring.
Done exploring.
Done exploring.
Done exploring.
No target in view!
No target in view!
No target in view!
No target in view!
Unknown command.
There is a stone staircase leading down here.
You climb downwards.
There is a stone staircase leading up here.
An adder comes into view.
An adder is nearby!
A bat comes into view.
The helpless adder fails to defend itself.
You hit the adder. Your grab misses the adder. Your squeeze misses the adder.
The adder bites you. 😕 HP[-3]
You take 3 damage, and now have 15/18 hp.
You miss the adder. Your grab misses the adder.
The bat hits you but does no damage. The adder bites you. The adder misses you.
The bat closely misses you. 😮 HP[-4]
You take 4 damage, and now have 11/18 hp.
MASSIVE DAMAGE!! (PAUSE)
Aiming: Freeze (safe; 3% risk of failure)
Press: ? - help, Q - select action, (/) - cycle Shift-Dir - straight line, f - adder
Aim: an adder (lightly wounded)
You freeze the adder. The bat misses you. The adder bites you.
You are poisoned.
The adder poisons you! 😮 HP[-1] MP[-1]
You take 1 damage, and now have 10/18 hp.
You lost 1 mp, and now have 4/5 mp.
Aiming: Freeze (safe; 3% risk of failure)
Press: ? - help, Q - select action, (/) - cycle Shift-Dir - straight line, f/p - adder
Aim: an adder (heavily wounded)
You freeze the adder.
You feel sick. The bat closely misses you. The adder bites you.
* * * LOW HITPOINT WARNING * * *
The adder bites you.
* * * LOW HITPOINT WARNING * * *
You are more poisoned.
The adder poisons you! 😱 HP[-7] MP[-1]
You take 7 damage, and now have 3/18 hp.
MASSIVE DAMAGE!! (PAUSE)
You lost 1 mp, and now have 3/5 mp.
It was a potion of flight.
You feel very buoyant.
You fly up into the air.
You die...

Action                   || total
-------------------------++-------
Melee: Rapier            ||    15
       Constrict         ||     4
       Tentacles         ||     3
 Cast: Freeze            ||    18
  Use: Potion            ||     1
 Stab: Sleeping          ||     3
Armor: Skin              ||     4
Dodge: Dodged            ||    17

Levels and vault maps discovered:
D:1:      amcnicky_arrival_flooded_fountain, layout_rooms, st_stairs_3,
          chequers_hall_statues_corner_a
D:2:      layout_basic, kennysheep_decorative_pillar, grunt_ministairs_5,
          uniq_jessica, uniq_natasha

Notes
Turn   | Place    | Note
-------+----------+-------------------------------------------
     0 | D:1      | mcwallace the Octopode Ice Elementalist began the quest for
                  | the Orb.
     0 | D:1      | Reached XP level 1. HP: 11/11 MP: 3/3
     0 | D:1      | magus.rc [v1.9.6]
   186 | D:1      | Reached XP level 2. HP: 12/18 MP: 1/5
   509 | D:1      | You pick up a book of Changes and begin reading...
   509 | D:1      | You add the spells Beastly Appendage, Wereblood and Spider
                  | Form to your library.
   635 | D:2      | HP: 3/18 [adder (3)]
   636 | D:2      | Succumbed to an adder's poison

Vanquished Creatures
  2 dart slugs (D:1)
  2 ball pythons (D:1)
  2 endoplasms (D:1)
  3 goblins (D:1)
  A hobgoblin (D:1)
  A frilled lizard (D:1)
  3 kobolds (D:1)
14 creatures vanquished.

Table legend:
 A = Non-vault XP
 B = Vault XP
 C = Vault XP percentage of total XP
 D = Non-vault monster count
 E = Vault monster count
 F = Vault count percentage of total count
                 A         B        C        D         E       F
            +---------+---------+-------+---------+---------+-------
      Total |      24 |       3 |  11.1 |      12 |       2 |  14.3
            +---------+---------+-------+---------+---------+-------
        D:1 |      24 |       3 |  11.1 |      12 |       2 |  14.3
            +---------+---------+-------+---------+---------+-------

Illustrated notes

Table legend:
 A = Kills in this place as a percentage of kills in entire the game.
 B = Kills by you in this place as a percentage of kills by you in the entire game.
 C = Kills by friends in this place as a percentage of kills by friends in the entire game.
 D = Other kills in this place as a percentage of other kills in the entire game.
 E = Experience gained in this place as a percentage of experience gained in the entire game.
 F = Experience gained in this place divided by the number of levels of this place that you have seen.
                   A       B       C       D       E      F
               +-------+-------+-------+-------+-------+----------------------
         Total | 100.0 | 100.0 |   N/A |   N/A | 100.0 |  13.5
       Dungeon | 100.0 | 100.0 |   N/A |   N/A | 100.0 |  13.5
               +-------+-------+-------+-------+-------+----------------------

Table legend: (Time is in decaauts)
 A = Elapsed time spent in this place.
 B = Non-inter-level travel time spent in this place.
 C = Inter-level travel time spent in this place.
 D = Time resting spent in this place.
 E = Time spent auto-exploring this place.
 F = Levels seen in this place.
 G = Mean time per level.
                   A        B        C        D        E       F      G
               +--------+--------+--------+--------+--------+-----+--------+
         Total |    637 |    631 |      6 |     15 |    483 |   2 |  318.5 |
       Dungeon |    637 |    631 |      6 |     15 |    483 |   2 |  318.5 |
               +--------+--------+--------+--------+--------+-----+--------+

Top non-repeatable levels by time:
     D:1: 622 daAuts
     D:2: 15 daAuts
